 Dungeon Crawl Stone Soup version 0.17.1-1-g73c8601 (console) character file.

1447 Cab the Zephyrmancer (level 8, -2/41 HPs)
             Began as a Tengu Air Elementalist on Dec 10, 2015.
             Was an Initiate of Vehumet.
             Slain by a killer bee (7 damage)
             ... on level 6 of the Dungeon on Dec 11, 2015.
             The game lasted 00:38:57 (6453 turns).

Cab the Zephyrmancer (Tengu Air Elementalist)       Turns: 6453, Time: 00:38:57

Health: -2/41      AC:  5    Str:  8    XL:     8   Next: 75%
Magic:  6/15       EV: 14    Int: 19    God:    Vehumet [......]
Gold:   350        SH:  0    Dex: 14    Spells: 4 memorised, 7 levels left

rFire  . . .     SeeInvis .     q - +4 whip (freeze)
rCold  . . .     Clarity  .     a - +0 robe
rNeg   . . .     SustAt   .     (no shield)
rPois  .         Gourm    .     (helmet restricted)
rElec  .         Spirit   .     (no cloak)
rCorr  .         Warding  .     p - +2 pair of gloves
rMut   .         Stasis   .     (boots unavailable)
MR     +....                    (no amulet)
Stlth  ++........               f - +2 ring of evasion
                                d - ring of protection from magic

@: repel missiles, somewhat resistant to hostile enchantments, unstealthy
A: beak, talons 3, able to fly 1
a: Fly, Renounce Religion


You were on level 6 of the Dungeon.
You worshipped Vehumet.
Vehumet was noncommittal.
You were not hungry.

You visited 2 branches of the dungeon, and saw 8 of its levels.

You collected 350 gold pieces.

Inventory:

Hand Weapons
 q - a +4 whip of freezing (weapon)
Armour
 a - a +0 robe (worn)
 p - a +2 pair of gloves (worn)
Jewellery
 d - a ring of protection from magic (left hand)
 f - a +2 ring of evasion (right hand)
Wands
 n - a wand of cold (10)
Scrolls
 g - 4 scrolls of identify
 h - a scroll of noise
 s - a scroll of amnesia
Potions
 i - a potion of curing
 o - a potion of invisibility {unknown}
Books
 b - a book of Air

   Spells                             Type                      Level
   a - Shock                          Conjuration/Air              1
   b - Swiftness                      Charms/Air                   2
   c - Repel Missiles                 Charms/Air                   2
   d - Static Discharge               Conjuration/Air              3
   e - Lightning Bolt                 Conjuration/Air              5
 m - a book of the Tempests

   Spells                             Type                      Level
   a - Static Discharge               Conjuration/Air              3
   b - Lightning Bolt                 Conjuration/Air              5
   c - Fireball                       Conjuration/Fire             5
   d - Tornado                        Air                          9
   e - Shatter                        Earth                        9
Comestibles
 c - 6 bread rations
 k - a slice of pizza
 l - 3 meat rations


   Skills:
 - Level 2.1 Dodging
 - Level 2.0 Stealth
 - Level 4.0 Spellcasting
 + Level 8.4 Conjurations
 * Level 10.3 Air Magic


You had 7 spell levels left.
You knew the following spells:

 Your Spells              Type           Power        Failure   Level  Hunger
a - Shock                 Conj/Air       ####         1%          1    None
b - Swiftness             Chrm/Air       ###.....     2%          2    ##.....
c - Static Discharge      Conj/Air       #####...     1%          3    ###....
d - Repel Missiles        Chrm/Air       ###...       2%          2    ##.....


Dungeon Overview and Level Annotations

Branches:
Dungeon (7/15)             Temple (1/1) D:5

Altars:
Ashenzari
Fedhas
Gozag
Makhleb
Nemelex Xobeh
Qazlal
Sif Muna
Trog
Vehumet
Xom
The Shining One

Annotations:
D:3 Grinder


Innate Abilities, Weirdness & Mutations

You have a beak for a mouth.
You have claws for feet.
You can fly.


Message History

You kill the killer bee!
Vehumet accepts your kill.
The lightning arcs!
You are struck by lightning.
* * * LOW HITPOINT WARNING * * *
The lightning grounds out.
* * * LOW HITPOINT WARNING * * *
You feel sick. The killer bee barely misses you.
Drink which item? (? for menu, Esc to quit)
You feel better. The killer bee stings you.
* * * LOW HITPOINT WARNING * * *
The killer bee closely misses you.
You barely miss the killer bee. Your kick misses the killer bee.
Your peck misses the killer bee.
The killer bee is almost dead.
The killer bee misses you. The killer bee stings you.
* * * LOW HITPOINT WARNING * * *
You miss the killer bee.
The killer bee is almost dead.
The killer bee stings you!
You die...

▒ ▒∙∙<∙∙▒ ▒∙∙∙▒ ▒∙∙∙▒▒▒∙∙∙∙∙∙
▒▒▒∙∙∙∙∙▒ ▒▒▒▒▒ ▒∙∙∙▒ ▒%∙∙∙∙∙
▒∙∙∙∙∙∙∙▒ ▒▒▒▒▒ ▒∙∙∙∙∙∙ ▒∙▒▒∙∙∙∙▒
∙∙∙∙∙∙▒ ▒∙▒∙∙∙∙∙▒▒▒▒▒▒▒▒ ∙∙∙∙∙∙▒
▒∙▒∙▒∙▒∙∙∙∙∙∙∙∙▒ ∙∙∙∙∙∙∙▒
▒∙∙∙▒∙▒∙∙∙∙∙∙∙∙▒ ▒▒▒▒∙▒▒▒
▒▒▒▒▒∙▒∙∙∙∙∙∙∙∙▒▒▒▒▒▒▒▒▒▒▒▒▒▒∙▒▒▒


∙∙∙∙∙∙∙∙∙∙∙∙∙∙∙@y∙∙∙∙∙∙∙∙∙∙∙∙∙∙∙ ▒▒▒▒∙▒∙∙∙∙∙∙∙∙▒▒▒▒∙∙∙▒▒▒∙∙∙∙∙∙▒▒ ▒∙∙∙∙∙∙∙∙∙∙▒
▒∙∙∙▒ ▒∙∙∙∙∙∙▒▒ ▒▒▒▒∙∙∙∙∙∙∙▒ ▒∙∙∙▒▒▒∙∙∙∙▒▒▒▒ ▒∙∙∙∙∙∙∙∙∙▒ ▒∙∙∙∙∙∙∙∙∙∙▒ ▒
▒∙∙∙▒▒▒▒▒▒▒ ▒∙∙∙∙∙∙∙∙∙∙▒■▒▒ ▒∙∙∙▒ ∙∙∙∙∙∙∙∙∙▒▒∙∙▒▒ ▒∙∙∙▒ ∙∙∙∙∙∙∙∙∙▒▒∙∙▒▒ ▒∙∙∙▒
∙∙∙▒▒▒∙∙∙∙∙∙▒∙▒ You could see a killer bee.

Vanquished Creatures
  Sigmund (D:4)
  A black bear (D:5)
  2 ogres (D:4)
  A phantom (D:5)
  A giant frog (D:6)
  2 killer bees
  A crimson imp (D:5)
  A centaur zombie (D:5)
  3 hounds
  2 orc priests
  2 iguanas (D:5)
  Ijyb (D:2)
  4 worker ants
  3 orc wizards (D:5)
  A killer bee zombie (D:6)
  A hound zombie (D:7)
  6 gnolls
  6 adders
  2 river rats (D:3)
  A shadow imp (D:5)
  An ooze (D:4)
  2 worms
  5 giant geckos
  17 orcs
  A ball python (D:3)
  4 bats
  8 giant cockroaches
  5 hobgoblins
  11 jackals
  11 kobolds
  3 quokkas
  A giant cockroach zombie (D:5)
  A giant gecko skeleton (D:4)
  8 giant newts
  2 goblins
  A quokka skeleton (D:4)
  15 rats
138 creatures vanquished.

Notes
Turn   | Place    | Note
--------------------------------------------------------------
     0 | D:1      | Cab the Tengu Air Elementalist began the quest for the Orb.
     0 | D:1      | Reached XP level 1. HP: 10/10 MP: 4/4
   258 | D:1      | Reached XP level 2. HP: 13/15 MP: 6/6
   749 | D:2      | Reached skill level 5 in Air Magic
   886 | D:2      | Learned a level 2 spell: Swiftness
  1021 | D:3      | Reached XP level 3. HP: 16/19 MP: 1/7
  1147 | D:3      | Learned a level 3 spell: Static Discharge
  1168 | D:3      | Noticed Grinder
  1463 | D:3      | Reached skill level 6 in Air Magic
  1463 | D:3      | Reached XP level 4. HP: 7/24 MP: 3/8
  2033 | D:5      | Entered Level 5 of the Dungeon
  2419 | D:2      | Gained mutation: You can fly. [Tengu growth]
  2419 | D:2      | Reached XP level 5. HP: 28/28 MP: 4/9
  2737 | D:2      | Noticed Ijyb
  2753 | D:2      | Killed Ijyb
  3755 | D:4      | Noticed Sigmund
  3790 | D:4      | Killed Sigmund
  3790 | D:4      | Reached skill level 5 in Conjurations
  3790 | D:4      | Reached skill level 7 in Air Magic
  3790 | D:4      | Reached XP level 6. HP: 16/32 MP: 2/10
  3976 | D:4      | Noticed an ogre
  3994 | D:4      | Killed an ogre
  3994 | D:4      | Reached XP level 7. HP: 36/36 MP: 4/12
  4067 | D:4      | Noticed an ogre
  4106 | D:4      | Killed an ogre
  4106 | D:4      | Reached skill level 8 in Air Magic
  4517 | D:4      | Found a bloodstained altar of Trog.
  4815 | D:5      | Found a burning altar of Makhleb.
  4819 | D:5      | Found a blossoming altar of Fedhas.
  4834 | D:5      | Found a shattered altar of Ashenzari.
  5228 | D:5      | Reached skill level 9 in Air Magic
  5231 | D:5      | Reached XP level 8. HP: 28/41 MP: 0/14
  5374 | D:5      | Noticed a black bear
  5407 | D:5      | Killed a black bear
  5440 | D:5      | Noticed a phantom
  5449 | D:5      | Killed a phantom
  5551 | D:5      | Found a staircase to the Ecumenical Temple.
  5556 | Temple   | Entered the Ecumenical Temple
  5639 | Temple   | Became a worshipper of Vehumet
  5766 | D:5      | Learned a level 2 spell: Repel Missiles
  6056 | D:6      | Reached skill level 10 in Air Magic
  6453 | D:6      | Slain by a killer bee

Action                   |  1- 3 |  4- 6 |  7- 9 || total
-------------------------+-------+-------+-------++-------
Melee: Unarmed           |    37 |    22 |       ||    59
       Whip              |       |       |    41 ||    41
 Cast: Shock             |    66 |   112 |   157 ||   335
       Swiftness         |       |     3 |       ||     3
       Static Discharge  |       |     2 |    11 ||    13
       Repel Missiles    |       |       |     1 ||     1
 Abil: Fly               |       |       |     2 ||     2
Evoke: Wand              |       |     1 |       ||     1
  Use: Scroll            |     3 |     5 |     4 ||    12
       Potion            |     1 |       |     3 ||     4
 Stab: Sleeping          |     2 |       |     1 ||     3
  Eat: Chunk             |     3 |     5 |     3 ||    11
       Fruit             |       |     5 |     3 ||     8
       Royal jelly       |       |       |     1 ||     1
       Pizza             |       |       |     1 ||     1
